 Dungeon Crawl Stone Soup version 0.31-a0-844-gdc52ec4e09 (webtiles) character file.

Game seed: 6471494523229901054

333 pop123321pop the Cudgeller (level 6, -1/57 HPs)
             Began as a Minotaur Berserker on Oct 1, 2023.
             Was a Believer of Trog.
             Slain by an iguana (7 damage)
             ... on level 5 of the Dungeon.
             The game lasted 00:03:50 (2933 turns).

pop123321pop the Cudgeller (Minotaur Berserker)     Turns: 2933, Time: 00:03:51

Health: -1/57      AC:  6    Str: 22    XL:     6   Next: 27%
Magic:  5/5        EV: 10    Int:  4    God:    Trog [**....]
Gold:   214        SH:  0    Dex: 11    Spells: 5/5 levels left

rFire   . . .        l - +0 whip
rCold   . . .        (no shield)
rNeg    . . .        h - +0 scale mail
rPois   .            (helmet restricted)
rElec   .            (no cloak)
rCorr   .            (no gloves)
SInv    .            (no boots)
Will    .....        (no amulet) Stlth
                     (no ring)
HPRegen 0.29/turn    (no ring)
MPRegen 0.09/turn

%: no passive effects
@: on berserk cooldown, slowed, very slow
A: horns 2, retaliatory headbutt
a: Renounce Religion, Berserk, Trog's Hand


You were on level 5 of the Dungeon.
You worshipped Trog.
Trog was pleased with you.
You visited 1 branch of the dungeon, and saw 5 of its levels.

You collected 214 gold pieces.

Inventory:

Hand Weapons
 l - a +0 whip (weapon)
Armour
 h - a +0 scale mail (worn)
Wands
 a - a wand of light (13)
 n - a wand of digging (4)
Scrolls
 c - 3 scrolls of identify {unknown}
 d - a scroll of fog {unknown}
 e - a scroll of revelation {unknown}
 f - 2 scrolls of enchant weapon {unknown}
 g - a scroll of poison {unknown}
 o - a scroll of noise {unknown}
Potions
 b - a potion of curing {unknown}
 i - 3 potions of might {unknown}
 j - a potion of cancellation {unknown}
 k - a potion of degeneration {unknown}
 m - a potion of heal wounds {unknown}


   Skills:
 + Level 5.8 Fighting
 - Level 7.2 Maces & Flails
 - Level 2.4 Armour
 - Level 2.1 Dodging


You had 5 spell levels left.
You didn't know any spells.
Your spell library was empty.

Dungeon Overview and Level Annotations

Branches:
Dungeon (4/15)
 Temple: D:4-7

Altars:


Innate Abilities, Weirdness & Mutations

You have a pair of horns on your head.
You reflexively headbutt those who attack you in melee.


Message History

You feel yourself moving faster!
You feel mighty!
The howler monkey howls!
The ice beast hits you but does no damage.
You closely miss the ice beast.
The ice beast is moderately wounded.
The ice beast hits you but does no damage.
You hit the ice beast. You headbutt the ice beast!
The ice beast is almost dead.
You whack the ice beast!
You kill the ice beast!
Trog accepts your kill. The howler monkey hits you.
* * * LOW HITPOINT WARNING * * *
Your Fighting skill increases to level 5!
You have reached level 6!
You whack the howler monkey!
The howler monkey is heavily wounded.
You completely miss the howler monkey.
The howler monkey is heavily wounded.
The howler monkey hoots and howls with incredible vigour!
You hear an angry hiss.
You hear a bark!
You closely miss the howler monkey. You headbutt the howler monkey!
You kill the howler monkey!
Trog accepts your kill.
You start resting.
You feel a strong urge to attack something.
You start resting.
You feel your anger nearly subside.
You are no longer berserk.
You are exhausted.
You feel yourself slow down.
You start resting.
An iguana comes into view.
An iguana is nearby!
An iguana is nearby!
Found a stone staircase leading up.
The iguana bites you.
* * * LOW HITPOINT WARNING * * *
The iguana bites you!
* * * LOW HITPOINT WARNING * * *
You completely miss the iguana. The iguana bites you!
You die...

# #.#..#.†#.# #
# #..#....##
.###
#..###...##...#
.#.............#
............####
######.....##
######...##
......>.##
######.@# #.l#
#... #...<
##..## .... #..#
#...


You could see an iguana.

Vanquished Creatures
  An ice beast (D:5)
  2 howler monkeys (D:5)
  4 gnolls (D:3)
  7 adders
  2 worms
  3 orcs
  5 ball pythons
  5 endoplasms
  2 giant cockroaches (D:1)
  2 goblins
  11 hobgoblins
  4 jackals (D:3)
  3 kobolds
  3 quokkas
  11 bats
  3 frilled lizards (D:3)
68 creatures vanquished.

Notes
Turn   | Place    | Note
-------+----------+-------------------------------------------
     0 | D:1      | pop123321pop the Minotaur Berserker began the quest for the
                  | Orb.
     0 | D:1      | Reached XP level 1. HP: 19/19 MP: 0/0
   159 | D:1      | Reached skill level 4 in Maces & Flails
   243 | D:1      | Reached XP level 2. HP: 20/26 MP: 1/1
   959 | D:2      | Reached skill level 5 in Maces & Flails
   959 | D:2      | Reached XP level 3. HP: 26/31 MP: 2/2
  1567 | D:3      | Reached XP level 4. HP: 39/39 MP: 3/3
  1573 | D:3      | Reached skill level 6 in Maces & Flails
  1932 | D:3      | Reached ** piety under Trog
  2486 | D:4      | Reached skill level 7 in Maces & Flails
  2486 | D:4      | Reached XP level 5. HP: 36/45 MP: 4/4
  2657 | D:4      | You fall into a shaft and drop 1 floor!
  2657 | D:5      | Entered Level 5 of the Dungeon
  2909 | D:5      | Noticed an ice beast
  2921 | D:5      | Killed an ice beast
  2922 | D:5      | Reached skill level 5 in Fighting
  2922 | D:5      | Reached XP level 6. HP: 19/56 MP: 5/5
  2933 | D:5      | Slain by an iguana

Illustrated notes

Levels and vault maps discovered:
D:1:      dpeg_arrival_shelter, layout_basic, minmay_hedge_maze
D:2:      layout_loops_ring
D:3:      layout_rooms
D:4:      layout_basic, minmay_snake_closets
D:5:      layout_loops_ring, mainiacjoe_overflow_two_lobes

Skill      XL: |  1  2  3  4  5 |
---------------+----------------+-----
Maces & Flails | 4 5 7 |  7.2
Fighting       | 5 |  5.8
Armour         | |  2.4
Dodging        | |  2.1

Action                     |  1- 3 |  4- 6 || total
---------------------------+-------+-------++-------
  Melee: Mace              |    71 |    45 ||   116
         Headbutt          |     7 |    12 ||    19
         Whip              |       |    63 ||    63
 Invoke: Berserk           |       |     2 ||     2
 Armour: Animal skin       |    41 |       ||    41
         Scale mail        |     1 |    66 ||    67
  Dodge: Dodged            |    55 |    42 ||    97

Table legend: (Time is in decaauts)
 A = Elapsed time spent in this place.
 B = Non-inter-level travel time spent in this place.
 C = Inter-level travel time spent in this place.
 D = Time resting spent in this place.
 E = Time spent auto-exploring this place.
 F = Levels seen in this place.
 G = Mean time per level.
                   A        B        C        D        E       F      G
               +--------+--------+--------+--------+--------+-----+--------+
         Total |   2939 |   2804 |    135 |    180 |   2215 |   5 |  587.8 |
       Dungeon |   2939 |   2804 |    135 |    180 |   2215 |   5 |  587.8 |
               +--------+--------+--------+--------+--------+-----+--------+

Top non-repeatable levels by time:
     D:1: 954 daAuts
     D:3: 761 daAuts
     D:2: 593 daAuts
     D:4: 364 daAuts
     D:5: 266 daAuts
